 Dungeon Crawl Stone Soup version 0.28-a0-1506-g3893175d92 (webtiles) character file.

Game seed: 13755162986657236570

23780 snarfax the Warrior (level 12, -5/122 HPs)
             Began as a Minotaur Fighter on Jan 13, 2022.
             Was an Initiate of Yredelemnul.
             Slain by a death yak (20 damage)
             ... on level 2 of the Lair of Beasts.
             The game lasted 00:54:51 (17915 turns).

snarfax the Warrior (Minotaur Fighter)             Turns: 17915, Time: 00:54:52

Health: -5/122     AC: 18    Str: 23    XL:     12   Next: 74%
Magic:  14/14      EV:  6    Int: 13    God:    Yredelemnul [......]
Gold:   944        SH: 11    Dex: 11    Spells: 11/11 levels left

rFire   . . .      SeeInvis .   f - +4 mace (vorpal)
rCold   . . .      Faith    +   B - +0 kite shield
rNeg    . . .      Spirit   .   H - +0 plate armour
rPois   .          Reflect  .   W - +2 hat {Will+}
rElec   .          Harm     .   m - +0 cloak
rCorr   .          Rampage  .   (no gloves)
Will    +....                   (no boots)
Stlth   ..........              g - amulet of faith
HPRegen 0.30/turn               n - ring of flight
MPRegen 0.14/turn               z - +6 ring of intelligence

@: about to teleport, flying
A: horns 2, retaliatory headbutt
a: Renounce Religion, Recall Undead Harvest


You were on level 2 of the Lair of Beasts.
You worshipped Yredelemnul.
Yredelemnul was noncommittal.
You visited 3 branches of the dungeon, and saw 15 of its levels.
You also visited: Sewer.

You collected 1004 gold pieces.
You spent 60 gold pieces at shops.

Inventory:

Hand Weapons
 a - a +0 flail
 f - a +4 vorpal mace (weapon)
 k - a +0 dagger
 l - the +3 spear of Peace {vorpal, Dex+7}
   (You found it on level 3 of the Dungeon)

   It inflicts extra damage upon your enemies.
   Dex:       It affects your dexterity (+7).
 x - a +3 flail of protection
Missiles
 h - 400 stones
 o - 4 boomerangs
 p - 46 poisoned darts
 t - 3 curare-tipped darts
 F - 3 javelins
Armour
 b - a +0 scale mail
 c - a +0 buckler
 m - a +0 cloak (worn)
 q - a +2 hat
 y - a +0 chain mail
 B - a +0 kite shield (worn)
 E - an orb of light
 H - a +0 plate armour (worn)
 M - a +2 buckler
 W - a +2 hat of willpower (worn)
 X - the +0 ring mail "Nugh" {rF+++ rC- SInv}
   (You found it on level 1 of the Lair of Beasts)

   rF:        It renders you almost immune to fire.
   rC:        It makes you vulnerable to cold.
   SInv:      It lets you see invisible.
Jewellery
 g - an amulet of faith (around neck)
 n - a ring of flight (left hand)
 z - a +6 ring of intelligence (right hand)
 A - a +6 ring of dexterity
 I - an amulet of faith
 R - an amulet of magic regeneration
 U - an amulet of regeneration
Wands
 v - a wand of iceblast (14)
 J - a wand of paralysis (14)
 K - a wand of charming (8)
 L - a wand of digging (15)
 P - a wand of flame (2) (quivered)
 T - a wand of mindburst (12)
Scrolls
 e - 4 scrolls of fog
 s - 3 scrolls of teleportation
 u - 4 scrolls of amnesia
 C - 2 scrolls of blinking
 N - a scroll of fear
 V - a scroll of magic mapping
Potions
 d - 2 potions of invisibility
 i - 2 potions of brilliance
 j - a potion of magic
 r - a potion of haste
 w - a potion of ambrosia
 D - 3 potions of mutation
 G - a potion of might
 O - 5 potions of curing
 Q - a potion of cancellation


   Skills:
 + Level 16.2 Fighting
 - Level 14.0 Maces & Flails
 - Level 0.1 Throwing
 - Level 10.8 Armour
 - Level 0.5 Dodging
 - Level 10.0 Shields
 - Level 5.0 Invocations


You had 11 spell levels left.
You didn't know any spells.
Your spell library contained the following spells:

 Spells                   Type           Power      Damage    Failure   Level
 Blink                    Tloc           0%         N/A       100%        2
 Static Discharge         Conj/Air       0%         N/A       100%        2
 Lesser Beckoning         Tloc           0%         N/A       100%        3
 Dispel Undead            Necr           0%         3d6       100%        4
 Sticky Flame             Conj/Fire      0%         2d3       100%        4
 Manifold Assault         Tloc           0%         N/A       100%        5
 Storm Form               Tmut/Air       0%         N/A       100%        7


Dungeon Overview and Level Annotations

Branches:
Dungeon (12/15)            Temple (1/1) D:7            Lair (2/6) D:9
    Orc (0/2) D:10          Sewer (visited)
  Swamp: Lair:2-4    Shoals: Lair:2-4     Snake: Lair:2-4    Spider: Lair:2-4

Altars:
Elyvilon
Nemelex Xobeh
Ru
Sif Muna
Trog
Vehumet
Yredelemnul
Zin
Beogh

Shops:
D:5 *

Annotations:
D:6 3 runed translucent doors, pigah's ghost, novice OpWn
D:11 exclusion: statue
Lair:1 3 runed translucent doors, shadowrider38's ghost, journeyman HuFE


Innate Abilities, Weirdness & Mutations

You have a pair of horns on your head.
You reflexively headbutt those who attack you in melee.


Message History

You thump the death yak!
The death yak is moderately wounded.
You thump the death yak! Your headbutt misses the death yak.
The death yak is heavily wounded.
The death yak gores you!
You sock the death yak!
The death yak is almost dead.
The blink frog blinks! x2; The death yak gores you!!
* * * LOW HITPOINT WARNING * * *
You hit the death yak but do no damage. You headbutt the death yak!
You kill the death yak!
You thump the blink frog! You headbutt the blink frog!
The blink frog is almost dead.
The blink frog blinks!
You feel much better. The death yak gores you.
You sock the death yak!
The death yak is lightly wounded.
The blink frog blinks!
The death yak gores you!
You hit the death yak.
The death yak is moderately wounded.
The death yak gores you!
* * * LOW HITPOINT WARNING * * *
You hit the death yak but do no damage.
The death yak is moderately wounded.
You block the death yak's attack.
You barely miss the death yak.
The death yak is moderately wounded.
The death yak gores you!
* * * LOW HITPOINT WARNING * * *
As you read the scroll of teleportation, it crumbles to dust.
You feel strangely unstable. You block the death yak's attack.
You hit the death yak but do no damage. You headbutt the death yak.
The death yak is moderately wounded.
You hit the death yak.
The death yak is heavily wounded.
The death yak gores you!
* * * LOW HITPOINT WARNING * * *
You feel better. The death yak gores you!!
You die...
Your body rises from the dead as a mindless zombie.

......................
......................
......................
.[....ยง...............
......................
..#####.....#P..##.##.
###YF...###.##.## .
#+##.#YYF..##.$... .
#....@+YF..##..... .
#....##....#.......
#.<.+.+....##...?..
#...##.....# ##.##
.....# ### #.....
...... ...


You could see 3 death yaks, a cane toad and a blink frog.

Vanquished Creatures
  Gastronok (Lair:1)
  4 hydras
  Erolcha (D:10)
  2 two-headed ogres
  A death yak (Lair:2)
  A cyclops (D:11)
  An ugly thing (D:11)
  A manticore (D:9)
  2 molten gargoyles (D:9)
  2 cane toads (Lair:1)
  3 komodo dragons
  A tengu conjurer (D:12)
  2 trolls
  Prince Ribbit (D:6)
  A meliai zombie (D:11)
  A wraith (D:10)
  2 shadows
  A spriggan (Lair:1)
  8 yaks
  Eustachio (D:5)
  A steam dragon (D:6)
  Edmund (D:4)
  3 acid dragons
  9 water moccasins
  Duvessa (D:5)
  3 orc warriors
  An ice beast (D:8)
  2 black bears
  A sky beast (D:5)
  2 necrophages
  A phantom (D:10)
  A centaur (D:6)
  10 kobold brigands
  5 bullfrogs
  A gnoll sergeant (D:10)
  4 scorpions
  2 wyvern skeletons
  Dowan (D:5)
  A troll zombie (D:10)
  13 wights
  3 howler monkeys
  A bullfrog zombie (D:6)
  3 centaur zombies
  4 orc priests
  2 gnoll shamans
  2 centaur skeletons
  A hound (D:5)
  Crazy Yiuf (D:7)
  2 iguanas
  7 orc wizards
  4 ogre zombies (D:10)
  A hound skeleton (D:4)
  3 howler monkey zombies
  9 adders
  18 gnolls
  3 river rats (Sewer)
  A shadow imp (D:7)
  2 white imps
  An ufetubus (D:4)
  An adder skeleton (D:5)
  A worm (D:3)
  3 dart slugs
  18 orcs
  13 ball pythons
  6 endoplasms
  3 giant cockroaches
  5 goblins
  8 hobgoblins
  14 jackals
  17 kobolds
  4 quokkas
  4 bats
  6 frilled lizards
  2 goblin zombies (D:10)
  A hobgoblin skeleton (D:10)
  2 hobgoblin zombies (D:10)
  2 orc skeletons (D:10)
  11 orc zombies (D:10)
  11 rats
300 creatures vanquished.

Vanquished Creatures (collateral kills)
  The ghost of testman the Changer, a novice GnWn of Uskayaw (D:7)
  2 ugly things
  2 manticores
  Joseph (D:8)
  2 molten gargoyles (D:9)
  A cane toad (Lair:2)
  A troll (D:12)
  4 slime creatures (D:12)
  A hornet (D:10)
  7 yaks
  2 vampire mosquitoes (D:12)
  3 water moccasins
  A centaur (D:9)
  A gnoll sergeant (D:8)
  An orc wizard (D:10)
  An ogre zombie (D:10)
  A gnoll zombie (D:9)
  An orc (D:7)
  An orc skeleton (D:10)
34 creatures vanquished.

Vanquished Creatures (others)
  A cane toad zombie (Lair:2)
  2 water moccasin zombies (Lair:2)
  4 yak zombies
  2 bullfrog zombies
  An ogre zombie (D:10)
  An acid dragon zombie (D:9)
  A necrophage zombie (D:7)
  A howler monkey zombie (D:9)
  5 gnoll zombies
  5 orc zombies
  4 fungi
  42 plants
  6 toadstools (D:3)
75 creatures vanquished.

Grand Total: 409 creatures vanquished

Notes
Turn   | Place    | Note
-------+----------+-------------------------------------------
     0 | D:1      | snarfax the Minotaur Fighter began the quest for the Orb.
     0 | D:1      | Reached XP level 1. HP: 19/19 MP: 0/0
   149 | D:1      | Reached XP level 2. HP: 26/26 MP: 1/1
   665 | D:1      | Reached XP level 3. HP: 29/31 MP: 2/2
  1970 | D:2      | Found a faded altar of an unknown god.
  2009 | D:2      | Reached XP level 4. HP: 39/39 MP: 3/3
  2583 | D:3      | Identified the +3 spear of Peace {vorpal, Dex+7}
  2653 | D:3      | Reached skill level 5 in Shields
  2657 | D:3      | Found a sacrificial altar of Ru.
  3152 | D:4      | Found a glowing drain.
  3167 | Sewer    | Entered a sewer
  3188 | Sewer    | Reached skill level 5 in Maces & Flails
  3192 | Sewer    | Noticed a kobold brigand
  3206 | Sewer    | Killed a kobold brigand
  3207 | Sewer    | Reached XP level 5. HP: 17/45 MP: 4/4
  3654 | Sewer    | Reached XP level 6. HP: 51/51 MP: 5/5
  4313 | D:4      | Reached skill level 4 in Fighting
  4710 | D:4      | Reached XP level 7. HP: 60/60 MP: 6/6
  4855 | D:5      | Entered Level 5 of the Dungeon
  4911 | D:5      | Found Gathuzoh's Mayhem Merchandise.
  4920 | D:5      | Bought a wand of iceblast (1) for 60 gold pieces
  4945 | D:5      | You are sucked into a shaft and drop 2 floors!
  5195 | D:5      | Reached skill level 5 in Fighting
  5305 | D:5      | Noticed Eustachio
  5376 | D:5      | Noticed Duvessa
  5377 | D:5      | Noticed Dowan
  5390 | D:5      | Killed Duvessa
  5400 | D:5      | Killed Dowan
  5901 | D:5      | Noticed Edmund
  6074 | D:4      | Killed Edmund
  6075 | D:4      | Reached skill level 10 in Maces & Flails
  6075 | D:4      | Reached XP level 8. HP: 29/68 MP: 7/7
  6339 | D:5      | Killed Eustachio
  6877 | D:6      | Noticed Prince Ribbit
  6904 | D:6      | Killed Prince Ribbit
  7111 | D:6      | Reached XP level 9. HP: 56/74 MP: 8/8
  7957 | D:6      | Noticed pigah's ghost (novice OpWn)
  7965 | D:6      | Found a runed translucent gate.
  7966 | D:6      | Found a runed translucent gate.
  7967 | D:6      | Found a runed translucent gate.
  8721 | D:7      | Found a staircase to the Ecumenical Temple.
  8734 | Temple   | Entered the Ecumenical Temple
  8759 | Temple   | Became a worshipper of Yredelemnul the Dark
  8847 | D:7      | Found a runed translucent gate.
  8847 | D:7      | Found a runed translucent gate.
  8849 | D:7      | Noticed testman's ghost (novice GnWn)
  8851 | D:7      | Found a runed translucent gate.
  8913 | D:7      | Reached * piety under Yredelemnul
  8921 | D:7      | Reached skill level 6 in Fighting
  9016 | D:7      | Reached ** piety under Yredelemnul
  9017 | D:7      | Reached skill level 5 in Armour
  9203 | D:7      | Found a runed translucent door.
  9204 | D:7      | Noticed Crazy Yiuf
  9209 | D:7      | Killed Crazy Yiuf
  9554 | D:7      | Your ally Crazy Yiuf died
  9562 | D:7      | Reached skill level 7 in Fighting
  9567 | D:7      | Reached *** piety under Yredelemnul
  9589 | D:7      | Killed testman's ghost
  9590 | D:7      | Reached skill level 8 in Fighting
  9590 | D:7      | Reached XP level 10. HP: 43/88 MP: 9/9
  9953 | D:8      | Reached skill level 1 in Invocations
 10034 | D:8      | Noticed Joseph
 10036 | D:8      | Noticed a two-headed ogre
 10044 | D:8      | Killed a two-headed ogre
 10047 | D:8      | Killed Joseph
 10048 | D:8      | Reached skill level 9 in Fighting
 10270 | D:8      | Reached **** piety under Yredelemnul
 10840 | D:9      | Found a staircase to the Lair.
 11514 | D:9      | Noticed a manticore
 11534 | D:9      | Killed a manticore
 11578 | D:9      | Noticed a manticore
 11586 | D:9      | Killed a manticore
 11587 | D:9      | Reached skill level 10 in Fighting
 11725 | D:9      | Reached ***** piety under Yredelemnul
 12006 | D:9      | Noticed a molten gargoyle
 12010 | D:9      | Reached XP level 11. HP: 100/100 MP: 13/13
 12016 | D:9      | Reached skill level 5 in Invocations
 12036 | D:9      | Reached skill level 10 in Armour
 12733 | D:10     | Entered Level 10 of the Dungeon
 12733 | D:10     | Noticed Erolcha
 12740 | D:10     | Killed Erolcha
 12741 | D:10     | Reached skill level 11 in Fighting
 12875 | D:10     | Paralysed by a hornet for 3 turns
 13551 | D:10     | Found a staircase to the Orcish Mines.
 13598 | D:10     | Your ally Erolcha died
 14004 | D:11     | Noticed a green ugly thing
 14214 | D:10     | Killed a green ugly thing
 14760 | D:11     | Found a radiant altar of Vehumet.
 14779 | D:11     | Noticed a green ugly thing
 14787 | D:11     | Killed a green ugly thing
 14788 | D:11     | Reached skill level 12 in Fighting
 15098 | D:11     | Noticed a purple ugly thing
 15111 | D:11     | Killed a purple ugly thing
 15425 | D:12     | Noticed a five-headed hydra
 15434 | D:12     | Killed a five-headed hydra
 15547 | D:12     | Noticed a two-headed ogre
 15555 | D:12     | Killed a two-headed ogre
 15597 | D:12     | Noticed an eight-headed hydra
 15603 | D:12     | Killed an eight-headed hydra
 15604 | D:12     | Reached skill level 13 in Fighting
 15787 | D:12     | Reached XP level 12. HP: 71/115 MP: 14/14
 16346 | Lair:1   | Entered Level 1 of the Lair of Beasts
 16364 | Lair:1   | Noticed a seven-headed hydra
 16369 | Lair:1   | Killed a seven-headed hydra
 16524 | Lair:1   | Noticed Gastronok
 16548 | Lair:1   | Killed Gastronok
 16619 | Lair:1   | Reached skill level 14 in Fighting
 16626 | Lair:1   | Reached skill level 10 in Shields
 16835 | Lair:1   | Found a runed translucent gate.
 16835 | Lair:1   | Found a runed translucent gate.
 16835 | Lair:1   | Found a runed translucent gate.
 16841 | Lair:1   | Noticed a four-headed hydra
 16842 | Lair:1   | Noticed shadowrider38's ghost (journeyman HuFE)
 16848 | Lair:1   | Killed a four-headed hydra
 17091 | Lair:1   | Identified the +0 ring mail "Nugh" {rF+++ rC- SInv}
 17138 | Lair:1   | Reached ****** piety under Yredelemnul
 17186 | Lair:1   | Reached skill level 15 in Fighting
 17855 | Lair:2   | Noticed a death yak
 17855 | Lair:2   | Noticed a death yak
 17855 | Lair:2   | Noticed a death yak
 17860 | Lair:2   | Noticed a death yak
 17861 | Lair:2   | Noticed a death yak
 17868 | Lair:2   | Reached skill level 16 in Fighting
 17905 | Lair:2   | Killed a death yak
 17915 | Lair:2   | Slain by a death yak

Illustrated notes

Levels and vault maps discovered:
D:1:      dpeg_chamrin_arrival_tetris, layout_loops_corners,
          corexii_item_surrounded_by_moat
D:2:      layout_basic, basic_ecumenical_altar, nrook_mini_backslash,
          lexackson_kobold_supper
D:3:      layout_rooms, nicolae_ru_path_of_blood, minmay_gold_behind_fungi
D:4:      layout_gridville, portal_sewer_entry_d
D:5:      layout_cave_pods, minmay_shop_mayhem, uniq_duvessa, uniq_edmund,
          uniq_eustachio
D:6:      layout_layer_cave, biasface_ghost_orc_armoury, nicolae_grassy_gnolls,
          uniq_prince_ribbit1
D:7:      layout_loops_cross, temple_hall, gammafunk_ghost_nasty_kobolds,
          uniq_crazy_yiuf_cottage
D:8:      nicolae_BIG_FREAKIN_CUBE, layout_basic, uniq_joseph
D:9:      layout_gridville, david_lair_shrubbed, minivault_27, minivault_8
D:10:     layout_long_grid, zombieorc1_lemuel, uniq_erolcha
D:11:     layout_cave_pods, vehumet_statue
D:12:     layout_big_octagon, chequers_serial_rivers_micro_a
Temple:   nicolae_temple_the_god_donut
Lair:1:   layout_roguey, gauntlet_entry_generic, gammafunk_ghost_necromancy,
          wad_woods_03, uniq_gastronok
Lair:2:   statuecave_lemuel, layout_regular_city, enter_volcano_2, st_stairs_5

Skill      XL: |  1  2  3  4  5  6  7  8  9 10 11 12 |
---------------+-------------------------------------+-----
Shields        | 4 5 8 10 | 10.0
Maces & Flails | 3 4 6 7 8 10 13 14 | 14.0
Fighting       | 4 5 8 10 13 16 | 16.2
Armour         | 7 9 10 | 10.8
Invocations    | 4 5 |  5.0
Throwing       | |  0.1
Dodging        | |  0.5

Action                   |  1- 3 |  4- 6 |  7- 9 | 10-12 || total
-------------------------+-------+-------+-------+-------++-------
Melee: Flail             |    25 |       |       |       ||    25
       Headbutt          |    14 |    14 |    54 |   125 ||   207
       Mace              |    73 |   145 |   269 |   495 ||   982
       Unarmed           |       |       |    13 |       ||    13
Throw: Stone             |     2 |       |       |       ||     2
       Dart              |       |    11 |     6 |     8 ||    25
       Boomerang         |       |     1 |     3 |       ||     4
       Throwing net      |       |     1 |       |       ||     1
Invok: Recall Undead Har |       |       |       |     2 ||     2
       Dark Bargain      |       |       |       |     1 ||     1
Evoke: Wand              |       |       |       |    20 ||    20
  Use: Scroll            |       |    11 |     5 |     8 ||    24
       Potion            |       |     1 |     4 |     4 ||     9
 Stab: Distracted        |       |       |       |     7 ||     7
Armor: Scale mail        |    58 |    55 |    45 |       ||   158
       Skin              |       |     1 |     9 |       ||    10
       Chain mail        |       |       |    58 |       ||    58
       Plate armour      |       |       |    22 |   210 ||   232
Dodge: Dodged            |    39 |    65 |    99 |   112 ||   315
Block: Buckler           |    25 |    37 |    57 |    47 ||   166
       Kite shield       |       |       |       |   123 ||   123

Table legend: (Time is in decaauts)
 A = Elapsed time spent in this place.
 B = Non-inter-level travel time spent in this place.
 C = Inter-level travel time spent in this place.
 D = Time resting spent in this place.
 E = Time spent auto-exploring this place.
 F = Levels seen in this place.
 G = Mean time per level.
                   A        B        C        D        E       F      G
               +--------+--------+--------+--------+--------+-----+--------+
         Total |  17930 |  17545 |    385 |   1893 |  12681 |  16 | 1120.6 |
       Dungeon |  15223 |  14878 |    345 |   1649 |  10825 |  12 | 1268.6 |
        Temple |     38 |     38 |      0 |      0 |      0 |   1 |   38.0 |
          Lair |   1569 |   1529 |     40 |      0 |   1200 |   2 |  784.5 |
         Sewer |   1098 |   1098 |      0 |    244 |    656 |   1 | 1098.0 |
               +--------+--------+--------+--------+--------+-----+--------+

Top non-repeatable levels by time:
     D:9: 1977 daAuts
     D:7: 1674 daAuts
    D:10: 1654 daAuts
  Lair:1: 1476 daAuts
     D:6: 1426 daAuts
     D:5: 1396 daAuts
     D:1: 1193 daAuts
     D:2: 1161 daAuts
     D:4: 1150 daAuts
   Sewer: 1098 daAuts
    D:11: 1056 daAuts
     D:8: 895 daAuts
    D:12: 847 daAuts
     D:3: 788 daAuts
  Lair:2: 93 daAuts
